 Dungeon Crawl Stone Soup version 0.24.0-13-gcf9b319 (webtiles) character file.

Game seed: 13820958316803167381, levelgen mode: deterministic

11478 silenth the Grappler (level 11, -9/124 (126) HPs)
             Began as a Vampire Fighter on May 7, 2020.
             Was a High Priest of Okawaru.
             Mangled by a five-headed hydra (15 damage)
             ... on level 11 of the Dungeon.
             The game lasted 00:18:22 (10699 turns).

silenth the Grappler (Vampire Fighter)             Turns: 10699, Time: 00:18:22

HP:   -9/124 (126)  AC:  9    Str: 25    XL:     11   Next: 49%
MP:   8/14          EV: 17    Int: 11    God:    Okawaru [*****.]
Gold: 481           SH: 13    Dex: 14    Spells: 10/14 levels left

rFire    . . .     SeeInvis +     - Unarmed
rCold    . . .     Gourm    .   b - +0 shield
rNeg     . . .     Faith    .   y - +2 leather armour {MR+}
rPois    .         Spirit   .   f - +0 helmet
rElec    .         Reflect  .   (no cloak)
rCorr    .         Harm     .   (no gloves)
MR       +++..                  l - +0 pair of boots
Stlth    ..........             w - amulet of rage
HPRegen  0.50/turn              o - ring of protection from magic
MPRegen  0.14/turn              E - +2 ring of strength

@: berserking, heroism, regenerating quickly, very quick
A: no food, fangs 3, see invisible, unbreathing
a: Exsanguinate, Heroism, Finesse, Renounce Religion, Evoke Berserk Rage


You were on level 11 of the Dungeon.
You worshipped Okawaru.
Okawaru was extremely pleased with you.
You were alive.

You visited 2 branches of the dungeon, and saw 12 of its levels.

You collected 571 gold pieces.
You spent 90 gold pieces at shops.

Inventory:

Missiles
 s - 5 javelins (quivered)
 K - a throwing net
Armour
 a - a +0 scale mail
 b - a +0 shield (worn)
 f - a +0 helmet (worn)
 l - a +0 pair of boots (worn)
 y - a +2 leather armour of magic resistance (worn)
Jewellery
 e - an uncursed amulet of regeneration
 o - a ring of protection from magic (left hand)
 w - an amulet of rage (around neck)
 E - a +2 ring of strength (right hand)
 F - an uncursed amulet of the acrobat
Wands
 k - a wand of digging (5)
 n - a wand of flame (11)
 v - a wand of acid (5)
 C - a wand of clouds (11)
 D - a wand of polymorph (14)
 G - a wand of paralysis (10)
Scrolls
 i - 4 scrolls of identify
 m - a scroll of teleportation
 r - 3 scrolls of remove curse
 u - a scroll of fear
 B - a scroll of magic mapping
Potions
 c - 2 potions of might
 d - 3 potions of brilliance
 g - 2 potions of agility
 h - 4 potions of curing
 j - a potion of haste
 p - a potion of lignification
 q - 2 potions of ambrosia
 t - 3 potions of cancellation
 x - a potion of mutation
 z - a potion of flight
 A - a potion of invisibility
 I - 2 potions of magic
Miscellaneous
 H - a lightning rod (4/4)
 J - a box of beasts


   Skills:
 + Level 7.3(12.3) Fighting
 + Level 5.3(10.3) Armour
 - Level 5.0(10.0) Dodging
 - Level 8.0(13.0) Stealth
 + Level 5.5(10.5) Shields
 * Level 10.9(15.9) Unarmed Combat
 - Level 2.0 Spellcasting
 - Level 4.0 Charms
 - Level 4.0 Necromancy
 - Level 4.0 Invocations
 - Level 4.0 Evocations


You had 10 spell levels left.
You knew the following spells:

 Your Spells              Type           Power        Failure   Level  Hunger
a - Animate Skeleton      Necr           N/A          11%         1    N/A
b - Regeneration          Chrm/Necr      #.........   32%         3    N/A

Your spell library contained the following spells:

 Spells                   Type           Power        Failure   Level  Hunger
 Pain                     Necr           ##..         11%         1    N/A
 Vampiric Draining        Necr           ##........   32%         3    N/A
 Animate Dead             Necr           N/A          73%         4    N/A

Dungeon Overview and Level Annotations

Branches:
Dungeon (11/15)            Temple (1/1) D:7            Lair (0/6) D:9
    Orc (0/2) D:9

Altars:
Ashenzari
Cheibriados
Dithmenos
Elyvilon
Fedhas
Gozag
Hepliaklqana
Kikubaaqudgha
Makhleb
Nemelex Xobeh
Okawaru
Qazlal
Ru
Sif Muna
Trog
Uskayaw
Vehumet
Wu Jian
Xom
Yredelemnul
Zin
The Shining One

Shops:
D:4 ?   D:11 =


Innate Abilities, Weirdness & Mutations

You do not eat.
Your natural rate of healing is unusually fast.
You have razor-sharp teeth.
You have supernaturally acute eyesight. (SInv)
You can survive without breathing.


Message History

The five-headed hydra bites you.
* * * LOW HITPOINT WARNING * * *
Okay, then.
A red film seems to cover your vision as you go berserk!
Your finesse ends abruptly.
You feel yourself moving faster!
You feel mighty!
You block the five-headed hydra's attack.
The five-headed hydra bites you!
* * * LOW HITPOINT WARNING * * *
The five-headed hydra completely misses you.
You block the five-headed hydra's attack.
The five-headed hydra bites you but does no damage.
You barely miss the five-headed hydra.
The five-headed hydra is lightly wounded.
You hit the five-headed hydra. You bite the five-headed hydra!
The five-headed hydra is moderately wounded.
The five-headed hydra closely misses you.
You block the five-headed hydra's attack.
The five-headed hydra closely misses you.
The five-headed hydra bites you!
You die...

.##.# #.#
#.##########.#####
.##.# #.# #.#
#.........#
.##.#####.# #.#
#.#######.#
.##....##<# #.#
#.# .##.......#
#.# #..
.##.##.##.# #.#
### .##.##.##.#
#.# # ..........#
#.# # ≈.≈.##.##.#
#@# # ≈.≈≈##.##.#
#D# # ≈∩≈≈......#
#o# # ≈≈≈≈##.####
#o# . ≈≈≈###.# #.#
#### #.# #o# ..#
#o# #o# #.#


You could see a five-headed hydra, 2 orc warriors and 3 orcs.

Vanquished Creatures
  Erolcha (D:10)
  Harold (D:11)
  2 hydras
  An unseen horror (D:10)
  Psyche (D:8)
  Grinder (D:5)
  A vampire (D:10)
  8 yaks
  Eustachio (D:5)
  A human (D:9)
  A wyvern (D:10)
  2 hogs (D:9)
  A hungry ghost (D:7)
  Menkaure (D:5)
  2 water moccasins
  6 orc warriors
  A phantom (D:6)
  An ice beast (D:8)
  A necrophage (D:10)
  8 ogres
  A crocodile (D:11)
  11 centaurs
  3 bullfrogs
  A gnoll sergeant (D:8)
  A wyvern skeleton (D:10)
  6 scorpions
  5 killer bees (D:7)
  A howler monkey (D:9)
  9 crimson imps
  A bullfrog zombie (D:10)
  4 hounds
  2 quasits (D:8)
  3 bullfrog skeletons
  6 orc priests
  3 centaur skeletons
  2 iguanas
  A jelly (D:8)
  10 orc wizards
  10 worker ants
  A hound zombie (D:10)
  3 worker ant zombies
  18 adders
  7 gnolls
  A shadow imp (D:5)
  An ooze (D:2)
  3 adder zombies
  2 adder skeletons (D:4)
  3 worms (D:2)
  5 dart slugs
  9 leopard geckos
  38 orcs
  7 giant cockroaches
  8 hobgoblins
  6 jackals
  8 kobolds
  6 quokkas
  A ball python (D:6)
  22 bats
  6 frilled lizards
  11 goblins
  A jackal skeleton (D:3)
  A leopard gecko skeleton (D:5)
  6 rats
296 creatures vanquished.

Vanquished Creatures (others)
  An orc (D:11)
  11 fungi (D:7)
12 creatures vanquished.

Grand Total: 308 creatures vanquished

Notes
Turn   | Place    | Note
-------+----------+-------------------------------------------
     0 | D:1      | silenth the Vampire Fighter began the quest for the Orb.
     0 | D:1      | Reached XP level 1. HP: 17/17 MP: 1/1
   214 | D:1      | Reached XP level 2. HP: 21/23 MP: 2/2
   628 | D:1      | Reached skill level 3 in Fighting
   733 | D:1      | Reached skill level 3 in Shields
  1017 | D:2      | Reached XP level 3. HP: 13/29 MP: 3/3
  1197 | D:2      | Reached skill level 3 in Unarmed Combat
  1227 | D:2      | Reached XP level 4. HP: 35/35 MP: 4/4
  1591 | D:2      | Reached skill level 3 in Armour
  2040 | D:3      | Reached XP level 5. HP: 41/41 MP: 5/5
  2467 | D:4      | Found Pete's Magic Scroll Shop.
  2477 | D:4      | Bought a scroll of fear for 42 gold pieces
  2477 | D:4      | Bought a scroll of identify for 24 gold pieces
  2477 | D:4      | Bought a scroll of identify for 24 gold pieces
  2723 | D:4      | Reached XP level 6. HP: 45/48 MP: 6/6
  3457 | D:5      | Entered Level 5 of the Dungeon
  3457 | D:5      | Noticed Menkaure
  3465 | D:5      | Killed Menkaure
  3465 | D:5      | Reached skill level 4 in Fighting
  3465 | D:5      | Reached skill level 4 in Shields
  3465 | D:5      | Reached skill level 4 in Unarmed Combat
  3523 | D:5      | Reached skill level 1 in Evocations
  3634 | D:5      | Noticed Eustachio
  3651 | D:5      | Killed Eustachio
  3651 | D:5      | Reached skill level 4 in Armour
  3651 | D:5      | Reached XP level 7. HP: 48/55 MP: 6/8
  3743 | D:5      | Reached skill level 1 in Stealth
  3810 | D:5      | Reached skill level 2 in Evocations
  3939 | D:5      | Reached skill level 5 in Unarmed Combat
  3986 | D:5      | Noticed Grinder
  3997 | D:5      | Killed Grinder
  3997 | D:5      | Reached skill level 1 in Dodging
  3997 | D:5      | Reached skill level 2 in Stealth
  4085 | D:5      | Reached XP level 8. HP: 45/61 MP: 9/9
  4297 | D:5      | Reached skill level 2 in Dodging
  4297 | D:5      | Reached skill level 3 in Stealth
  4377 | D:6      | Reached skill level 6 in Unarmed Combat
  4487 | D:5      | Reached skill level 5 in Fighting
  4746 | D:6      | Reached skill level 3 in Evocations
  4752 | D:6      | Reached skill level 4 in Stealth
  4782 | D:6      | Learned a level 1 spell: Animate Skeleton
  4786 | D:6      | Learned a level 3 spell: Regeneration
  5011 | D:7      | Reached skill level 1 in Charms
  5011 | D:7      | Reached skill level 1 in Necromancy
  5019 | D:7      | Reached skill level 7 in Unarmed Combat
  5019 | D:7      | Reached skill level 1 in Spellcasting
  5087 | D:7      | Found a staircase to the Ecumenical Temple.
  5118 | Temple   | Entered the Ecumenical Temple
  5485 | Temple   | Became a worshipper of Warmaster Okawaru
  5650 | D:7      | Reached skill level 5 in Stealth
  5778 | D:7      | Reached XP level 9. HP: 30/68 MP: 11/11
  5925 | D:7      | Found an iron altar of Okawaru.
  6127 | D:7      | Reached skill level 2 in Charms
  6127 | D:7      | Reached skill level 2 in Necromancy
  6455 | D:8      | Reached * piety under Okawaru
  6544 | D:8      | Found a sparkling altar of Nemelex Xobeh.
  6546 | D:8      | Found a burning altar of Makhleb.
  6560 | D:8      | Found a bloodstained altar of Trog.
  6560 | D:8      | Found a white marble altar of Elyvilon.
  6560 | D:8      | Found a shattered altar of Ashenzari.
  6560 | D:8      | Found an ornate altar of the Wu Jian Council.
  6563 | D:8      | Found a shimmering altar of Xom.
  6564 | D:8      | Found a radiant altar of Vehumet.
  6566 | D:8      | Found an opulent altar of Gozag.
  6567 | D:8      | Found a shadowy altar of Dithmenos.
  6706 | D:8      | Reached skill level 2 in Spellcasting
  6711 | D:8      | Reached skill level 4 in Evocations
  6717 | D:8      | Reached skill level 3 in Necromancy
  6731 | D:8      | Reached skill level 8 in Unarmed Combat
  6735 | D:8      | Reached skill level 3 in Charms
  6957 | D:8      | Reached skill level 1 in Invocations
  7090 | D:8      | Reached skill level 6 in Fighting
  7093 | D:8      | Reached ** piety under Okawaru
  7200 | D:8      | Noticed a seven-headed hydra
  7208 | D:8      | Killed a seven-headed hydra
  7208 | D:8      | Reached skill level 4 in Charms
  7208 | D:8      | Reached skill level 4 in Necromancy
  7208 | D:8      | Reached skill level 2 in Invocations
  7208 | D:8      | Reached XP level 10. HP: 49/76 MP: 10/13
  7211 | D:8      | Reached skill level 9 in Unarmed Combat
  7325 | D:8      | Noticed Psyche
  7337 | D:8      | Killed Psyche
  7820 | D:9      | Found a staircase to the Orcish Mines.
  7987 | D:9      | Found a staircase to the Lair.
  8019 | D:9      | Reached *** piety under Okawaru
  8081 | D:9      | Found an ornate altar of the Wu Jian Council.
  8445 | D:9      | Reached skill level 3 in Dodging
  8803 | D:9      | Reached skill level 3 in Invocations
  8805 | D:9      | Reached skill level 6 in Stealth
  8884 | D:10     | Entered Level 10 of the Dungeon
  9149 | D:10     | Noticed Erolcha
  9166 | D:10     | Killed Erolcha
  9166 | D:10     | Reached **** piety under Okawaru
  9166 | D:10     | Reached skill level 10 in Unarmed Combat
  9270 | D:10     | Noticed a five-headed hydra
  9271 | D:10     | Noticed an unseen horror
  9287 | D:10     | Killed a five-headed hydra
  9287 | D:10     | Reached skill level 4 in Dodging
  9287 | D:10     | Reached skill level 7 in Stealth
  9287 | D:10     | Reached skill level 5 in Shields
  9287 | D:10     | Reached XP level 11. HP: 25/83 MP: 12/14
  9288 | D:10     | Killed an unseen horror
  9298 | D:10     | Reached skill level 7 in Fighting
 10126 | D:11     | Reached skill level 5 in Armour
 10184 | D:11     | Found Famanuh's Jewellery Shop.
 10222 | D:11     | Noticed Harold
 10272 | D:11     | Reached ***** piety under Okawaru
 10282 | D:11     | Reached skill level 4 in Invocations
 10608 | D:11     | Killed Harold
 10608 | D:11     | Reached skill level 5 in Dodging
 10608 | D:11     | Reached skill level 8 in Stealth
 10680 | D:11     | Noticed a five-headed hydra
 10697 | D:11     | HP: 5/124 [five-headed hydra (14)]
 10699 | D:11     | Mangled by a five-headed hydra

Levels and vault maps discovered:
D:1:      minmay_arrival_pointy, layout_loops_ring, minmay_misc_feat_tiny,
          minivault_5, grunt_decor_resistance, grunt_decor_arrowhead,
          minmay_close_crescents
D:2:      minmay_razor_zed, layout_basic
D:3:      layout_rooms
D:4:      layout_layer_cave, first_ration, serial_shops, nicolae_shop_waterfront
D:5:      layout_rooms, uniq_eustachio, uniq_menkaure, uniq_grinder
D:6:      layout_rooms
D:7:      old_forge, layout_loops_ring, temple_pool_b, okawaru_metal_pillars_1_2
D:8:      minmay_bloctagon_deflated, layout_basic, minitemple, uniq_psyche
D:9:      layout_roguey, dpeg_oklobed_lair, david_orc_3, basic_altar,
          grunt_livestock, chequers_jeans
D:10:     layout_basic, uniq_erolcha
D:11:     layout_loops_ring, serial_shops, nicolae_shop_waterfront, uniq_harold
Temple:   minmay_temple_forest_path

Skill      XL: |  1  2  3  4  5  6  7  8  9 10 11 |
---------------+----------------------------------+-----
Fighting       | 3 4 5 6 7 |  7.3
Shields        | 3 4 5 |  5.5
Unarmed Combat | 3 4 5 7 8 10 | 10.9
Armour         | 3 4 5 |  5.3
Evocations     | 1 2 3 4 |  4.0
Stealth        | 2 5 7 8 |  8.0
Dodging        | 1 2 4 5 |  5.0
Charms         | 1 4 |  4.0
Necromancy     | 1 4 |  4.0
Spellcasting   | 1 2 |  2.0
Invocations    | 2 3 4 |  4.0

Action                   |  1- 3 |  4- 6 |  7- 9 | 10-12 || total
-------------------------+-------+-------+-------+-------++-------
Melee: Unarmed           |   168 |   332 |   561 |   367 ||  1428
       Bite              |    21 |    34 |    53 |    45 ||   153
Invok: Heroism           |       |       |     3 |    11 ||    14
       Finesse           |       |       |       |     2 ||     2
 Abil: Evoke Berserk Rag |       |     1 |     7 |     9 ||    17
Evoke: Wand              |       |       |     2 |     1 ||     3
  Use: Scroll            |     2 |    11 |     9 |     5 ||    27
       Potion            |       |       |     3 |     1 ||     4
 Stab: Sleeping          |       |       |     9 |     8 ||    17
       Held in net/web   |       |       |     1 |       ||     1
Armor: Scale mail        |    59 |   167 |       |       ||   226
       Leather armour    |       |       |   185 |    67 ||   252
       Skin              |       |       |     6 |       ||     6
Dodge: Dodged            |    43 |    95 |   253 |   141 ||   532
Block: Shield            |    75 |   169 |   290 |   172 ||   706
